 Dungeon Crawl Stone Soup version 0.21-a0-531-gacddea6 (webtiles) character file.

46 Gerstahl the Slasher (level 3, 0/29 HPs)
             Began as a Merfolk Gladiator on Dec 13, 2017.
             Killed by divine providence
             ... invoked by an orc priest
              (14 damage)
             ... on level 2 of the Dungeon.
             The game lasted 00:01:31 (1287 turns).

Gerstahl the Slasher (Merfolk Gladiator)            Turns: 1287, Time: 00:01:36

Health: 0/29       AC:  5    Str: 14    XL:     3   Next: 68%
Magic:  3/3        EV: 14    Int:  7    God:
Gold:   105        SH:  0    Dex: 16    Spells: 2/2 levels left

rFire    . . .     SeeInvis .   a - +0 long sword
rCold    . . .     Gourm    .   (no shield)
rNeg     . . .     Faith    .   b - +0 leather armour
rPois    .         Spirit   .   e - +1 helmet
rElec    .         Reflect  .   (no cloak)
rCorr    .         Harm     .   (no gloves)
MR       .....                  (no boots)
Stlth    +.........             (no amulet)
HPRegen  0.09/turn              (no ring)
MPRegen  0.08/turn              (no ring)

@: no status effects
A: change form in water, swift swim, stealthy swim
a: no special abilities


You were on level 2 of the Dungeon.
You were not hungry.

You visited 1 branch of the dungeon, and saw 2 of its levels.

You collected 105 gold pieces.

Inventory:

Hand Weapons
 a - a +0 long sword (weapon)
Missiles
 d - 3 throwing nets (quivered)
Armour
 b - a +0 leather armour (worn)
 c - a +0 helmet
 e - a +1 helmet (worn)
Scrolls
 j - 2 scrolls of remove curse {unknown}
 k - a scroll of enchant weapon {unknown}
 l - a scroll of teleportation {unknown}
 m - a scroll of blinking {unknown}
 o - a scroll of identify {unknown}
Potions
 g - a potion of heal wounds {unknown}
 h - a potion of brilliance {unknown}
 i - a potion of magic {unknown}
 n - a potion of resistance {unknown}
Comestibles
 f - a bread ration


   Skills:
 + Level 3.4 Fighting
 + Level 4.2 Long Blades
 - Level 2.0 Throwing
 - Level 4.0 Dodging


You had 2 spell levels left.
You didn't know any spells.

Dungeon Overview and Level Annotations

Branches:
Dungeon (2/15)

Altars:


Message History

A rat is nearby!
An orc and an orc priest come into view.
The orc shouts!
You hear a shout!
An orc comes into view. It is wielding a flail.
There are monsters nearby!
You barely miss the rat.
The orc moves out of view.
The rat completely misses you.
There are monsters nearby!
You barely miss the rat. The rat barely misses you.
There are monsters nearby!
You barely miss the rat. The rat completely misses you.
There are monsters nearby!
You hit the rat.
You kill the rat!
The orc priest calls down the wrath of Beogh upon you.
Beogh smites you!
Ouch! That really hurt!
The orc priest mumbles some strange prayers to Beogh against you.
Beogh smites you!
You die...

#.......# #
#.......#
#.#.#...#.#
#.#..o....#
.........
#.....# #.o.#
#@#
#.#####.####.#
#.........?..#
#######.######
#.# #.# #.#
##########.#
#.......##.##


You could see an orc priest and an orc.

Vanquished Creatures
  An adder (D:2)
  A worm (D:2)
  3 dart slugs
  2 leopard geckos (D:1)
  A ball python (D:1)
  3 bats
  3 giant cockroaches
  3 goblins (D:1)
  A hobgoblin (D:1)
  3 kobolds
  A frilled lizard (D:2)
  4 rats
26 creatures vanquished.

Notes
Turn   | Place    | Note
-------+----------+-------------------------------------------
     0 | D:1      | Gerstahl the Merfolk Gladiator began the quest for the Orb.
     0 | D:1      | Reached XP level 1. HP: 16/16 MP: 1/1
    91 | D:1      | Reached XP level 2. HP: 22/23 MP: 2/2
   789 | D:1      | Reached XP level 3. HP: 29/29 MP: 3/3
  1287 | D:2      | Killed from afar by an orc priest

Vault maps used:
D:1:      doesnt_arrival_eight_statues, hangedman_abyss_or_decor_lesser_grid,
          grunt_decor_clamped, minmay_tetromino_o2
D:2:      cheibrodos_pilgrimage, uniq_crazy_yiuf_cottage

Skill      XL: |  1  2  3 |
---------------+----------+-----
Fighting       | 3 |  3.4
Long Blades    | 4 |  4.2
Throwing       | |  2.0
Dodging        | |  4.0

Action                   || total
-------------------------++-------
Melee: Long sword        ||    85
  Eat: Chunk             ||     1
Armor: Leather armour    ||    26
Dodge: Dodged            ||    71
       Rpst.: Long sword ||    19

Table legend:
 A = Spawn XP
 B = Non-spawn XP
 C = Spawn XP percentage of total XP
 D = Spawn monster count
 E = Non-spawn monster count
 F = Spawn count percentage of total count
 G = Total turns spent on level
                    A         B        C        D         E        F      G
               +---------+---------+-------+---------+---------+-------+---------
         Total |       0 |      67 |   0.0 |       0 |      26 |   0.0 |  1287
               +---------+---------+-------+---------+---------+-------+---------
           D:1 |       0 |      35 |   0.0 |       0 |      17 |   0.0 |   899
           D:2 |       0 |      32 |   0.0 |       0 |       9 |   0.0 |   388
               +---------+---------+-------+---------+---------+-------+---------
